 Dungeon Crawl Stone Soup version 0.25.1-2-g60ff931df9 (webtiles) character file.

Game seed: 10617053682175737681

576 Chimkentus the Sneak (level 7, -2/48 HPs)
             Began as an Octopode Assassin on Aug 25, 2020.
             Killed from afar by Blork the orc (12 damage)
             ... with a puff of flame
             ... on level 5 of the Dungeon.
             The game lasted 00:16:17 (4691 turns).

Chimkentus the Sneak (Octopode Assassin)            Turns: 4691, Time: 00:16:18

Health: -2/48      AC:  1    Str: 10    XL:     7   Next: 35%
Magic:  7/7        EV: 15    Int: 14    God:
Gold:   248        SH:  0    Dex: 15    Spells: 6/6 levels left

rFire    . . .     SeeInvis .   a - +2 dagger
rCold    . . .     Gourm    .   (no shield)
rNeg     . . .     Faith    .   (helmet restricted)
rPois    .         Spirit   .   (no amulet)
rElec    .         Reflect  .   (no ring)
rCorr    .         Harm     .   (no ring)
MR       .....                  (no ring)
Stlth    ++++......             (no ring)
HPRegen  0.16/turn              (no ring)
MPRegen  0.10/turn              (no ring)
                                (no ring)
                                (no ring)

@: hasted, very quick
A: almost no armour, stealthy swim, amphibious, 8 rings, constrict 8, camouflage
1, gelatinous body 1
a: no special abilities


You were on level 5 of the Dungeon.
You were not hungry.

You visited 1 branch of the dungeon, and saw 5 of its levels.

You collected 248 gold pieces.

Inventory:

Hand Weapons
 a - a +2 dagger (weapon)
 z - a +0 long sword
Missiles
 b - 7 poisoned darts
 c - 2 curare-tipped darts
 h - 22 bolts
 i - 111 arrows
 j - 47 stones
 k - 2 boomerangs (quivered)
 v - 15 sling bullets
Magical Staves
 y - an uncursed staff of wizardry {unknown}
Scrolls
 e - a scroll of identify
 l - 3 scrolls of magic mapping
 m - 7 scrolls of remove curse
 n - a scroll of enchant weapon {unknown}
 p - a scroll of enchant armour
 q - a scroll of amnesia
 t - a scroll of immolation {unknown}
Potions
 f - 3 potions of brilliance
 o - a potion of cancellation {unknown}
 r - 2 potions of lignification
 s - a potion of berserk rage {unknown}
 u - a potion of resistance {unknown}
 x - a potion of curing {unknown}
Comestibles
 d - 16 rations


   Skills:
 * Level 4.1 Fighting
 + Level 4.2 Short Blades
 + Level 3.1 Throwing
 * Level 3.9 Dodging
 + Level 6.7 Stealth


You had 6 spell levels left.
You didn't know any spells.
Your spell library contained the following spells:

 Spells                   Type           Power        Failure   Level  Hunger
 Magic Dart               Conj           #...         28%         1    ##.....
 Blink                    Tloc           N/A          41%         2    ###....
 Call Imp                 Summ           #.......     41%         2    ###....
 Slow                     Hex            #.......     41%         2    ###....
 Conjure Flame            Conj/Fire      #.......     65%         3    ####...
 Mephitic Cloud           Conj/Pois/Air  #.......     65%         3    ####...


Dungeon Overview and Level Annotations

Branches:
Dungeon (5/15)
 Temple: D:4-7

Altars:
Ru
Yredelemnul
Zin
The Shining One

Annotations:
D:3 2 exclusions
D:5 Blork the orc


Innate Abilities, Weirdness & Mutations

You cannot wear most types of armour.
You are very stealthy in the water. (Stealth+)
You are amphibious.
You can wear up to eight rings at the same time.
You can use your tentacles to constrict eight enemies at once.
Your skin changes colour to match your surroundings (Stealth+).
Your rubbery body absorbs attacks. (AC +1, EV +1)


Message History

You feel forgetful for a moment.
Blork the orc gestures at you while chanting.
The puff of flame hits you!
Blork the orc points at you and mumbles some strange words.
The puff of frost hits you!
Blork the orc looks encouraged for a moment.
Blork the orc screams, "I'll cover the dungeon with your blood!"
Blork the orc casts a spell at you. The puff of flame hits you!
You aren't carrying any items that you can evoke without wielding.
Unknown command.
You feel yourself speed up.
Blork the orc gestures at you while chanting.
The magic dart hits you!
* * * LOW HITPOINT WARNING * * *
Blork the orc looks encouraged for a moment.
You see here a +0 robe.
Blork the orc points at you and mumbles some strange words.
The puff of flame hits you!
You die...

.....#.......###########..# #
.....#.......# #....##..# #
####.#.......# #........## #
####.#############....###..# #
.........# #.........# ##.## #
.........####'####....####..## #
.........##.....##....#......# #
.........##.....##....#......# #
..........'.._..@....o..[....## #
.....###.[#.....#.......####..###
.###......#.....##......# ##....
.# #####..###'####....### #....
.# #......######### #..o. .#
####........# ########.... .#
#...........# #........... .#
#...........# #...........
.####...........# #...........


You could see Blork the orc (fast).

Vanquished Creatures
  A sky beast (D:2)
  An ogre (D:4)
  A phantom (D:5)
  A hound (D:4)
  A bullfrog skeleton (D:4)
  2 worker ants (D:5)
  A hound skeleton (D:4)
  9 adders
  An ooze (D:2)
  2 worms
  2 dart slugs
  4 leopard geckos
  9 orcs
  3 ball pythons
  9 bats
  2 giant cockroaches
  6 goblins
  12 hobgoblins
  6 jackals
  A quokka (D:4)
  5 frilled lizards
  8 kobolds
  4 rats
91 creatures vanquished.

Notes
Turn   | Place    | Note
-------+----------+-------------------------------------------
     0 | D:1      | Chimkentus the Octopode Assassin began the quest for the
                  | Orb.
     0 | D:1      | Reached XP level 1. HP: 14/14 MP: 1/1
   205 | D:1      | Reached XP level 2. HP: 19/19 MP: 2/2
   617 | D:1      | Found a glowing golden altar of the Shining One.
   947 | D:1      | Reached XP level 3. HP: 25/25 MP: 3/3
  1232 | D:2      | Noticed a sky beast
  1481 | D:2      | Reached XP level 4. HP: 27/30 MP: 4/4
  2399 | D:2      | Killed a sky beast
  2399 | D:2      | Reached XP level 5. HP: 36/36 MP: 5/5
  2797 | D:3      | Found a glowing silver altar of Zin.
  2954 | D:3      | Reached XP level 6. HP: 42/42 MP: 6/6
  3857 | D:4      | Reached skill level 6 in Stealth
  3961 | D:5      | Entered Level 5 of the Dungeon
  4018 | D:5      | Reached XP level 7. HP: 46/47 MP: 7/7
  4029 | D:5      | Noticed Blork the orc
  4196 | D:5      | Found a basalt altar of Yredelemnul.
  4632 | D:5      | Found a sacrificial altar of Ru.
  4691 | D:5      | Killed from afar by Blork the orc

Illustrated notes

Levels and vault maps discovered:
D:1:      minmay_arrival_split_and_join, layout_loops_ring,
          minmay_misc_feat_roman, supply_closet_lemuel, tso_altar
D:2:      layout_basic, minmay_circle_x
D:3:      layout_rooms, zin_scriptorium
D:4:      layout_basic
D:5:      layout_basic, kennysheep_little_box, lemuel_round_altar, first_ration,
          uniq_blork_the_orc

Skill      XL: |  1  2  3  4  5  6  7 |
---------------+----------------------+-----
Dodging        | 2 3 |  3.9
Fighting       | 3 4 |  4.1
Short Blades   | 3 4 |  4.2
Stealth        | 6 |  6.7
Throwing       | 3 |  3.1

Action                   |  1- 3 |  4- 6 |  7- 9 || total
-------------------------+-------+-------+-------++-------
Melee: Dagger            |    61 |    95 |    19 ||   175
       Constrict         |    13 |    26 |     3 ||    42
       Tentacles         |     8 |    13 |     4 ||    25
Throw: Stone             |       |    24 |       ||    24
       Dart              |       |     9 |       ||     9
       Boomerang         |       |       |     4 ||     4
  Use: Scroll            |       |       |     7 ||     7
       Potion            |       |       |     1 ||     1
 Stab: Sleeping          |    13 |    17 |     4 ||    34
  Eat: Chunk             |     2 |     7 |     3 ||    12
Armor: Skin              |     2 |     7 |       ||     9
Dodge: Dodged            |    33 |    50 |     6 ||    89
